AoeStats
← Snobyman

Black Forest

509579563Analyzed
4v4 RM · 6d ago on Sep 27, 2026· 33m 39s· 8 players
Game mode
Random Map
Map size
Large (8 player)
Population
200
Speed
Normal
Resources
Standard
Victory
Conquest
Starting age
Dark Age
Ending age
Imperial Age
RankedLock teamsTeams togetherTeam positionsShared explorationLock speedFull tech treeHidden civsTurbo modeCheats
Victory
Defeat
🇮🇹 Franks · Italy
669
+18
🇹🇷 Franks · Türkiye
426
+26
🇦🇺 Khmer · Australia
418
+26
🇨🇳 Jurchens · China
325
+29
🇪🇸 Mongols · Spain
809
-28
🇨🇳 Britons · China
730
-26
🇺🇸 Jurchens · United States
621
-23
🇺🇸 Huns · United States
581
-22
Elite Savage
9:58 Feudal Age
10:40 Double-Bit Axe
13:41 Castle Age
14:40 Bow Saw
16:07 Fishing Lines
19:10 Gillnets
19:17 Horse Collar
23:35 Wheelbarrow
22:56 Loom
23:40 Gold Mining
25:21 Hand Cart
26:06 Gold Shaft Mining
26:38 Stone Mining
29:51 Imperial Age
27:46 Forging
27:42 Scale Barding Armor
29:26 Iron Casting
30:21 Chain Barding Armor
30:48 Bloodlines
30:38 Husbandry
30:01 Heavy Rocket Cart
31:14 Conscription
32:17 Plate Barding Armor
31:40 Elite Iron Pagoda
33:31 Blast Furnace
32:33 Town Watch
33:24 Heavy Plow
Snobyman
5:18 Loom
17:30 Feudal Age
21:35 Castle Age
20:53 Wheelbarrow
20:20 Double-Bit Axe
20:21 Horse Collar
20:46 Gold Mining
23:00 Bow Saw
22:59 Heavy Plow
24:16 Gold Shaft Mining
25:16 Hand Cart
26:01 Stone Mining
30:07 Caravan
30:37 Coinage
34:43 Imperial Age
musaugal7
0:42 Loom
12:18 Feudal Age
13:53 Double-Bit Axe
19:00 Wheelbarrow
24:50 Castle Age
25:48 Husbandry
26:13 Bow Saw
26:24 Hand Cart
25:55 Town Watch
26:42 Caravan
30:41 Stone Mining
30:42 Gold Mining
34:20 Imperial Age
Devislesick
1:11 Loom
14:45 Feudal Age
20:39 Double-Bit Axe
24:23 Castle Age
30:51 Wheelbarrow
30:32 Bow Saw
33:29 Hand Cart
DON FOL3Y
0:34 Loom
16:36 Feudal Age
18:04 Horse Collar
18:32 Stone Mining
18:53 Double-Bit Axe
22:51 Gold Mining
23:46 Wheelbarrow
23:27 Man-at-Arms
23:52 Arson
26:08 Bloodlines
29:02 Castle Age
31:18 Husbandry
31:40 Bow Saw
31:52 Heavy Plow
DOLAR2305
0:38 Loom
14:18 Feudal Age
16:06 Wheelbarrow
15:21 Double-Bit Axe
15:35 Gold Mining
15:37 Stone Mining
15:40 Gold Mining
18:02 Horse Collar
20:50 Fishing Lines
25:35 Castle Age
27:21 Hand Cart
27:20 Bow Saw
27:49 Gold Shaft Mining
27:54 Stone Shaft Mining
30:54 Husbandry
31:04 Bloodlines
35:03 Imperial Age
xSIDEHACKx
1:38 Loom
14:20 Feudal Age
17:53 Horse Collar
20:20 Wheelbarrow
19:55 Double-Bit Axe
20:14 Gold Mining
20:35 Stone Mining
22:04 Fishing Lines
24:53 Castle Age
28:27 Gold Shaft Mining
28:42 Hand Cart
30:57 Heavy Plow
32:10 Bow Saw
32:20 Bloodlines
爆脆星星堡
0:57 Loom
13:37 Feudal Age
15:29 Wheelbarrow
17:22 Fletching
17:31 Gold Mining
25:22 Castle Age
24:30 Double-Bit Axe
29:53 Ballistics
29:54 Man-at-Arms
30:26 Crossbowman
31:34 Horse Collar
32:17 Heavy Plow
Connection lost

Rejoining the realm…

Still unreachable

The connection could not be restored.

Session expired

The server has moved on; the page needs a fresh start.